 Dungeon Crawl Stone Soup version 0.20-a0-1043-gbd57889 (webtiles) character file.

119146 SkeletonJelly the Pandemonic (level 16, -34/131 HPs)
             Began as a Demonspawn Gladiator on Apr 24, 2017.
             Was a High Priest of Makhleb.
             Annihilated by an enormous slime creature (63 damage)
             ... on level 15 of the Dungeon on Apr 25, 2017.
             The game lasted 02:42:13 (29337 turns).

SkeletonJelly the Pandemonic (DsGl)                Turns: 29337, Time: 02:42:13

Health: -34/131    AC: 26    Str: 19    XL:     16   Next: 27%
Magic:  26/26      EV: 22    Int: 10    God:    Makhleb [*****.]
Gold:   660        SH:  0    Dex: 23    Spells: 14/15 levels left

rFire    . . .     SeeInvis +   K - +3 double sword (flame)
rCold    . . .     Gourm    +   (no shield)
rNeg     . . .     Faith    .   G - +0 acid dragon scales
rPois    +         Spirit   .   Q - +2 helmet {SInv}
rElec    .         Reflect  .   l - +2 cloak
rCorr    +         Harm     .   B - +3 pair of gauntlets of War {Slay+5}
MR       +....                  a - +0 pair of boots {run}
Stlth    ++++......             X - amulet of the gourmand
Regen    0.4/turn               R - +3 ring of dexterity
MPRegen  0.2/turn               b - +3 ring of dexterity

@: quick
A: hooves 1, slimy green scales 3, nightstalker 2, spiny 2
a: Minor Destruction, Lesser Servant of Makhleb, Major Destruction, Greater
Servant of Makhleb, Renounce Religion


You were on level 15 of the Dungeon.
You worshipped Makhleb.
Makhleb was extremely pleased with you.
You were very full.

You visited 4 branches of the dungeon, and saw 24 of its levels.
You also visited: Sewer and Ossuary.

You collected 2559 gold pieces.
You spent 1899 gold pieces at shops.

Inventory:

Hand Weapons
 K - a +3 double sword of flaming (weapon)
 W - a +5 scimitar of flaming
Missiles
 F - 6 tomahawks of returning (quivered)
Armour
 a - a +0 pair of boots of running (worn)
 l - a +2 cloak (worn)
 B - the +3 pair of gauntlets of War (worn) {Slay+5}
   (You bought it in a shop on level 2 of the Orcish Mines)

   It affects your accuracy and damage with ranged weapons and melee attacks
   (+5).
 G - +0 acid dragon scales (worn)
 Q - a +2 helmet of see invisible (worn)
Jewellery
 b - a +3 ring of dexterity (right hand)
 c - a cursed ring of teleportation {unknown}
 g - an uncursed amulet of guardian spirit {unknown}
 n - an uncursed ring of protection from cold
 v - an uncursed ring of protection from fire
 x - an uncursed ring of stealth
 L - an uncursed ring of protection from magic
 R - a +3 ring of dexterity (left hand)
 X - an amulet of the gourmand (around neck)
Wands
 N - a wand of digging (21/24)
Scrolls
 d - a scroll of brand weapon {unknown}
 e - 2 scrolls of fog
 i - 9 scrolls of remove curse
 k - a scroll of silence {unknown}
 m - 3 scrolls of blinking
 o - 4 scrolls of teleportation
 s - 2 scrolls of torment
 D - 6 scrolls of identify
 E - a scroll of fear
 H - 5 scrolls of amnesia
 I - a scroll of magic mapping
Potions
 h - 5 potions of curing
 q - 5 potions of flight
 r - 4 potions of lignification
 t - a potion of invisibility
 u - 4 potions of mutation
 w - 6 potions of brilliance
 z - 2 potions of haste
 A - a potion of might
 J - 3 potions of agility
 T - 3 potions of magic
 V - a potion of ambrosia
Books
 y - a book of Cantrips

   Spells                             Type                      Level
   a - Confusing Touch                Hexes                        1
   b - Animate Skeleton               Necromancy                   1
   c - Summon Small Mammal            Summoning                    1
   d - Apportation                    Translocation                1
Comestibles
 f - 10 bread rations
 j - 18 chunks of flesh
 p - 8 meat rations
 P - 12 royal jellies
 U - 17 fruits


   Skills:
 - Level 13.4 Fighting
 - Level 14.1 Long Blades
 - Level 6.0 Throwing
 + Level 11.7 Armour
 + Level 11.5 Dodging
 - Level 14.1 Invocations


You had 14 spell levels left.
You knew the following spells:

 Your Spells              Type           Power        Failure   Level  Hunger
a - Apportation           Tloc           #.....       43%         1    ##.....


Dungeon Overview and Level Annotations

Branches:
Dungeon (15/15)            Temple (1/1) D:7            Lair (6/6) D:11
 Shoals (0/4) Lair:3       Spider (0/4) Lair:4        Slime (0/5) Lair:5
    Orc (2/2) D:9             Elf (0/3) Orc:2        Vaults (0/5) D:14
 Depths (0/5) D:15

Altars:
Ashenzari
Cheibriados
Dithmenos
Elyvilon
Fedhas
Gozag
Hepliaklqana
Kikubaaqudgha
Makhleb
Nemelex Xobeh
Okawaru
Qazlal
Ru
Sif Muna
Trog
Uskayaw
Vehumet
Wu Jian
Xom
Yredelemnul
Zin
The Shining One

Shops:
D:5 =   D:14 *   Orc:2 :*[(


Innate Abilities, Weirdness & Mutations

You have large cloven feet.
You are completely covered in slimy green scales. (AC +4, rPois)
You are significantly more attuned to the shadows.
You are mostly covered in sharp spines.


Message History

The slime creature is splashed with acid.
The acid corrodes the slime creature!
The slime creature is severely wounded.
You slice the slime creature!! You burn the slime creature!
You kill the slime creature!
Makhleb accepts your kill.
You slice the enormous slime creature!! You burn the enormous slime creature.
The enormous slime creature is moderately wounded.
You slash the enormous slime creature! You burn the enormous slime creature.
The enormous slime creature is heavily wounded.
The enormous slime creature is struck by your spines.
The enormous slime creature barely misses you.
You riposte.
You slash the enormous slime creature! You burn the enormous slime creature!
The enormous slime creature is heavily wounded.
Your neqoxec hits the enormous slime creature.
You hit the enormous slime creature. You burn the enormous slime creature.
The enormous slime creature is heavily wounded.
The enormous slime creature hits you!!!
You die...

############
##..........# ########
#...........# ....[..#
#...........# #.#
#)..........#
#.####.####...#########
....†!.J3J@...#
...$J#.#####'########
....3.................
........##...........#
........##...........#
.....!..##...........#
#...........#
#...........#
#...........#


You could see an enormous slime creature, a slime creature and a friendly
neqoxec.

Vanquished Creatures
  A quicksilver dragon (shapeshifter) (D:12)
  The ghost of kapak the Basher, a journeyman TrFi of the Shining One (Orc:2)
  A frost giant (shapeshifter) (D:12)
  A fire giant (D:12)
  A stone giant (Orc:1)
  2 ettins (Orc:1)
  Erolcha (D:11)
  Fannar (Lair:1)
  An ice dragon (D:14)
  7 hydras
  A catoblepas (Lair:6)
  A vault guard (D:14)
  Erica (D:8)
  4 death yaks (Lair:4)
  3 centaur warriors
  8 two-headed ogres
  An ogre mage (Orc:1)
  A deep troll earth mage (D:12)
  A vampire mage (D:15)
  An orc high priest (Orc:2)
  A titan zombie (Orc:1)
  3 skeletal warriors
  2 unseen horrors
  A glowing orange brain (D:14)
  A deep elf archer (D:12)
  A wizard (D:14)
  A necromancer (D:15)
  3 orc knights (Orc:2)
  A deep elf mage (D:14)
  A wolf spider zombie (D:14)
  A lindwurm (Lair:6)
  The ghost of triglyceri the Frost Mage, a novice DEIE of Sif Muna (Lair:2)
  10 ugly things
  An oklob plant (Lair:5)
  6 orc sorcerers
  14 cyclopes
  A fire giant zombie (D:15)
  2 stone giant zombies (Orc:1)
  A stone giant skeleton (D:15)
  3 elephants (Lair:6)
  A black mamba (shapeshifter) (D:8)
  2 centaur zombies
  8 black mambas
  A torpor snail (Lair:6)
  A frost giant skeleton (D:15)
  14 spiny frogs
  3 molten gargoyles (Lair:6)
  2 gargoyles (D:12)
  5 centaur skeletons
  2 kobold demonologists (D:11)
  4 efreet
  3 rime drakes
  A freezing wraith (D:15)
  A tengu conjurer (D:14)
  22 komodo dragons
  A jumping spider (Lair:4)
  2 polar bears
  Prince Ribbit (Lair:2)
  12 slime creatures
  7 trolls
  15 blink frogs
  10 hippogriffs
  A meliai zombie (D:14)
  A shadow (D:14)
  A redback (Lair:4)
  An ettin skeleton (D:15)
  2 wraiths (D:10)
  50 yaks
  Sigmund (D:2)
  4 hogs (D:9)
  A human (D:9)
  2 wyverns
  7 basilisks
  Grum (D:11)
  A steam dragon (Lair:6)
  2 hungry ghosts
  5 vampire mosquitoes
  Menkaure (D:6)
  4 acid dragons
  14 wargs
  9 water moccasins
  Duvessa (D:6)
  4 hell hounds (Lair:6)
  39 orc warriors
  8 porcupines
  Purgy (Sewer)
  2 eyes of draining
  A hornet zombie (D:12)
  4 ice beasts
  4 sky beasts
  4 black bears
  3 necrophages
  4 phantoms
  7 ogres
  20 wolves
  17 centaurs
  11 crocodiles
  2 big kobolds
  18 bullfrogs
  A wyvern zombie (D:12)
  3 water moccasin zombies (Ossuary)
  Dowan (D:6)
  7 scorpions
  14 killer bees
  15 wights
  An electric eel (Lair:3)
  A howler monkey (D:7)
  A vampire bat (Orc:1)
  2 lava snakes (Lair:6)
  7 crimson imps
  The ghost of casanoah the Magician, a weakling DEWz (D:3)
  A quasit (D:12)
  2 bullfrog zombies
  3 bullfrog skeletons
  18 orc priests
  5 jellies
  23 orc wizards
  7 hounds
  7 iguanas
  9 worker ants
  Terence (D:3)
  3 big kobold zombies (Ossuary)
  2 hound skeletons
  2 mummies (Ossuary)
  2 worker ant zombies
  Robin (D:3)
  7 gnolls
  12 adders
  6 shadow imps
  An ooze (D:1)
  5 adder zombies
  A worm (D:4)
  A dart slug (D:4)
  7 leopard geckos
  89 orcs
  4 ball pythons
  8 bats
  2 giant cockroaches
  3 gnoll zombies (Ossuary)
  23 goblins
  14 hobgoblins
  16 jackals
  4 quokkas
  11 frilled lizards
  2 hobgoblin zombies (Ossuary)
  21 kobolds
  4 kobold zombies (Ossuary)
  4 orc zombies (Ossuary)
  5 rats
860 creatures vanquished.

Vanquished Creatures (collateral kills)
  A storm dragon (D:12)
  An orc warlord (Orc:2)
  Snorg (Orc:1)
  A fire dragon (Lair:6)
  A hydra (Lair:1)
  A catoblepas (Lair:6)
  2 two-headed ogres
  2 orc high priests (Orc:2)
  2 orc knights
  2 ugly things (D:14)
  3 cyclopes (Orc:1)
  A black mamba (Lair:6)
  A spiny frog (Lair:6)
  2 komodo dragons (Lair:6)
  5 blink frogs
  4 yaks
  A hell hound (Lair:6)
  3 orc warriors
  A black bear (D:12)
  An ogre (Orc:1)
  2 wolves
  A big kobold (D:12)
  A vampire bat (Orc:1)
  2 lava snakes (Lair:6)
  An orc priest (Orc:1)
  An orc wizard (Orc:1)
  3 orcs
  3 bats (Orc:1)
50 creatures vanquished.

Vanquished Creatures (others)
  An orc knight (Orc:2)
  19 fungi
  2 plants (Lair:4)
22 creatures vanquished.

Grand Total: 932 creatures vanquished

Notes
Turn   | Place    | Note
-------+----------+-------------------------------------------
     0 | D:1      | SkeletonJelly the Demonspawn Gladiator began the quest for the Orb.
     0 | D:1      | Reached XP level 1. HP: 16/16 MP: 1/1
    88 | D:1      | Gained mutation: You are partially covered in slimy green scales. (AC +2) [demonic ancestry]
    88 | D:1      | Reached XP level 2. HP: 18/22 MP: 2/2
   526 | D:1      | Gained mutation: You are slightly more attuned to the shadows. [demonic ancestry]
   526 | D:1      | Reached XP level 3. HP: 27/27 MP: 3/3
  1252 | D:2      | Found a faded altar of an unknown god.
  1313 | D:2      | Noticed Sigmund
  1613 | D:2      | Killed Sigmund
  1613 | D:2      | Reached skill level 5 in Long Blades
  1613 | D:2      | Gained mutation: You are significantly more attuned to the shadows. [demonic ancestry]
  1613 | D:2      | Reached XP level 4. HP: 9/33 MP: 4/4
  1613 | D:2      | Reached XP level 5. HP: 10/38 MP: 5/5
  2100 | D:3      | Noticed casanoah's ghost (weakling DEWz)
  2217 | D:3      | Found a sacrificial altar of Ru.
  2217 | D:3      | Noticed Terence
  2223 | D:3      | Killed Terence
  2223 | D:3      | Reached XP level 6. HP: 39/44 MP: 6/6
  2231 | D:3      | Noticed Robin
  2239 | D:3      | Killed Robin
  2334 | D:3      | Killed casanoah's ghost
  2991 | D:4      | Found a glowing drain.
  3001 | Sewer    | Entered a sewer
  3055 | Sewer    | Noticed Purgy
  3067 | Sewer    | Killed Purgy
  3067 | Sewer    | Gained mutation: You are partially covered in sharp spines. [demonic ancestry]
  3067 | Sewer    | Reached XP level 7. HP: 41/50 MP: 7/7
  3699 | D:5      | Entered Level 5 of the Dungeon
  4560 | D:5      | Found Yrelab's Jewellery Boutique.
  4867 | D:6      | You fall through a shaft for 2 floors!
  4940 | D:8      | Found a sand-covered staircase.
  4947 | Ossuary  | Entered an ossuary
  4966 | Ossuary  | Gained mutation: You have large cloven feet. [demonic ancestry]
  4966 | Ossuary  | Reached XP level 8. HP: 44/56 MP: 8/8
  5503 | D:6      | Noticed Menkaure
  5518 | D:6      | Killed Menkaure
  5518 | D:6      | Reached skill level 10 in Long Blades
  5902 | D:6      | Noticed Dowan
  5916 | D:6      | Killed Dowan
  5923 | D:6      | Noticed Duvessa
  5933 | D:6      | Killed Duvessa
  6305 | D:7      | Gained mutation: You are mostly covered in slimy green scales. (AC +3) [demonic ancestry]
  6305 | D:7      | Reached XP level 9. HP: 61/61 MP: 9/9
  6608 | D:7      | Found a staircase to the Ecumenical Temple.
  6615 | Temple   | Entered the Ecumenical Temple
  6800 | Temple   | Became a worshipper of Makhleb the Destroyer
  7141 | D:7      | Noticed a troll
  7150 | D:7      | Killed a troll
  7650 | D:8      | Found a deep blue altar of Sif Muna.
  7811 | D:8      | Noticed Erica
  7900 | D:8      | Killed Erica
  8267 | D:8      | Reached * piety under Makhleb
  8267 | D:8      | Reached XP level 10. HP: 65/67 MP: 10/10
  8475 | D:8      | Noticed a black mamba
  8483 | D:8      | Killed a black mamba
  9149 | D:9      | Noticed a two-headed ogre
  9161 | D:9      | Killed a two-headed ogre
  9420 | D:9      | Found a staircase to the Orcish Mines.
  9729 | D:9      | Reached ** piety under Makhleb
  9874 | D:9      | Found an opulent altar of Gozag.
 10345 | D:10     | Entered Level 10 of the Dungeon
 10395 | D:10     | Gained mutation: You are mostly covered in sharp spines. [demonic ancestry]
 10395 | D:10     | Reached XP level 11. HP: 87/89 MP: 11/11
 10425 | D:10     | Reached skill level 1 in Invocations
 10571 | D:10     | Noticed a two-headed ogre
 10579 | D:10     | Killed a two-headed ogre
 10640 | D:10     | Reached *** piety under Makhleb
 10647 | D:10     | Reached skill level 5 in Invocations
 11089 | D:11     | Noticed a sixfirhy
 11095 | D:11     | Noticed Grum
 11330 | D:11     | Reached **** piety under Makhleb
 11582 | D:11     | Killed Grum
 11592 | D:11     | Reached skill level 10 in Invocations
 11664 | D:11     | Noticed Erolcha
 11682 | D:11     | Killed Erolcha
 11994 | D:11     | Found a shadowy altar of Dithmenos.
 12081 | D:11     | Reached skill level 5 in Dodging
 12084 | D:11     | Found a staircase to the Lair.
 12722 | D:12     | Noticed a deep troll earth mage
 12722 | D:12     | Noticed a fire giant
 12963 | Lair:1   | Entered Level 1 of the Lair of Beasts
 13002 | Lair:1   | Reached XP level 12. HP: 44/96 MP: 19/19
 13398 | Lair:1   | Noticed Fannar
 13412 | Lair:1   | Killed Fannar
 13412 | Lair:1   | Reached skill level 5 in Throwing
 13676 | Lair:1   | Noticed a five-headed hydra
 13688 | Lair:1   | Killed a one-headed hydra
 14337 | Lair:2   | Noticed triglyceri's ghost (novice DEIE)
 14340 | Lair:2   | Killed triglyceri's ghost
 14727 | Lair:2   | Noticed Prince Ribbit
 14738 | Lair:2   | Killed Prince Ribbit
 14912 | Lair:3   | Reached skill level 1 in Armour
 15077 | Lair:3   | Gained mutation: You are completely covered in slimy green scales. (AC +4, rPois) [demonic ancestry]
 15077 | Lair:3   | Reached XP level 13. HP: 94/101 MP: 23/23
 15675 | Lair:3   | Found a staircase to the Shoals.
 16154 | Lair:4   | Reached ***** piety under Makhleb
 16156 | Lair:4   | Found a hole to the Spider Nest.
 16288 | Lair:4   | Reached skill level 5 in Armour
 17988 | Lair:5   | Found a staircase to the Slime Pits.
 19105 | Lair:6   | Entered Level 6 of the Lair of Beasts
 19264 | Lair:6   | Reached XP level 14. HP: 54/108 MP: 24/24
 19271 | Lair:6   | Found a large runed door.
 19885 | Lair:6   | Reached skill level 10 in Fighting
 20455 | Lair:6   | Found a large runed door.
 20997 | D:11     | Learned a level 1 spell: Apportation
 21064 | Orc:1    | Entered Level 1 of the Orcish Mines
 21471 | Orc:1    | Noticed Snorg
 21480 | Orc:1    | Killed Snorg
 21835 | Orc:1    | Noticed a stone giant
 21848 | Orc:1    | Killed a stone giant
 21952 | Orc:1    | HP: 3/118 [titan zombie (37)]
 22613 | Orc:2    | Entered Level 2 of the Orcish Mines
 22666 | Orc:2    | Paralysed by an orc sorcerer for 2 turns
 22720 | Orc:2    | Noticed kapak's ghost (journeyman TrFi)
 22740 | Orc:2    | Killed kapak's ghost
 22775 | Orc:2    | Found a radiant altar of Vehumet.
 22835 | Orc:2    | Found Plog's Antique Weapon Shoppe.
 22837 | Orc:2    | Noticed an orc warlord
 22943 | Orc:2    | Killed an orc warlord
 22974 | Orc:2    | HP: 5/118 [orc warrior/trident (7)]
 23449 | Orc:2    | Reached XP level 15. HP: 124/124 MP: 25/25
 23514 | Orc:2    | Found Seuqul's Book Shop.
 23580 | Orc:2    | Found Vuggi's General Store.
 23586 | Orc:2    | Bought a scroll of enchant weapon for 112 gold pieces
 23586 | Orc:2    | Bought a scroll of identify for 30 gold pieces
 23966 | Orc:2    | Found Wuukhuej's Antique Armour Boutique.
 23972 | Orc:2    | Bought the +3 pair of gauntlets of War {Slay+5} for 1757 gold pieces
 23990 | Orc:2    | Found a staircase to the Elven Halls.
 24104 | Orc:2    | Paralysed by an orc sorcerer for 3 turns
 25005 | D:12     | Killed a fire giant
 25016 | D:12     | Noticed a storm dragon
 25037 | D:12     | Killed a storm dragon
 25536 | D:12     | Noticed a frost giant
 25549 | D:12     | Killed a frost giant
 25647 | D:12     | Identified a scroll of acquirement
 25741 | D:12     | Identified a +0 pair of boots of running (You found it on level 12 of the Dungeon)
 25845 | D:12     | Reached skill level 10 in Armour
 26240 | D:12     | Noticed an azure jelly
 26305 | D:12     | Noticed a quicksilver dragon
 26311 | D:12     | Killed a quicksilver dragon
 26311 | D:12     | Reached skill level 10 in Dodging
 28079 | D:14     | Found Mac Jeny's Changing Room.
 28133 | D:14     | Found a labyrinth entrance.
 28672 | D:14     | Reached XP level 16. HP: 131/131 MP: 26/26
 28969 | D:14     | Found a gate to the Vaults.
 29038 | D:15     | Entered Level 15 of the Dungeon
 29081 | D:15     | Found a staircase to the Depths.
 29337 | D:15     | Annihilated by an enormous slime creature

Vault maps used:
D:1:      lemuel_arrival_lava_pool
D:2:      chequers_ecumenical_altar_simple, hangedman_decor_points, uniq_sigmund
D:3:      nicolae_overflow_crystal_walls, minmay_tree_intersection, uniq_robin,
          uniq_terence
D:4:      cheibrodos_sewer_entry_drain
D:5:      serial_shops, shop_fountains, first_bread
D:6:      uniq_menkaure, uniq_duvessa
D:7:      minmay_cornered_nines, minmay_temple_entry_statues_pillars
D:8:      lemuel_blue_sif_altar, lightli_ossuary_entry_decrepit_ruins,
          kennysheep_just_a_vault, uniq_erica
D:9:      erik_orc_4, grunt_livestock, grunt_gozag_statues
D:11:     minmay_lair_entry_grove, nicolae_dithmenos_the_darkroom, uniq_erolcha,
          uniq_grum
D:12:     minmay_heptahexagon, hangedman_decor_clover_reticule
D:13:     special_room, corexii_hall_statues_s
D:14:     david_vaults_5, moated_statue, lab_entry_generic,
          nicolae_transmutations_shop
D:15:     gammafunk_depths_entry_grave
Temple:   regret_index_temple_chain_breaker
Lair:1:   uniq_fannar
Lair:2:   uniq_prince_ribbit2
Lair:3:   elwin_shoals_entry_rooms
Lair:4:   spider_nest_entry_a, beast_lair_carwin_1, infiniplex_staircase_pool,
          serial_bayou_shore_b
Lair:5:   minmay_slime_entry_oklob_open, grunt_megastairs_4
Lair:6:   cheibrodos_lair_end_hotspot, minmay_lindwurm_lava
Orc:1:    giant_chief_lemuel, roderic_batcave, uniq_snorg
Orc:2:    grunt_orc_gardens, grunt_orc_garden, grunt_orc_garden,
          grunt_orc_garden, grunt_orc_garden, basic_altar
Sewer:    sewer_co_purgy_island
Ossuary:  ossuary_tomb_2

Skill      XL: |  1  2  3  4  5  6  7  8  9 10 11 12 13 14 15 16 |
---------------+-------------------------------------------------+-----
Long Blades    | 3 5 6 7 9 11 13 14 | 14.1
Fighting       | 9 13 | 13.4
Invocations    | 10 14 | 14.1
Dodging        | 5 8 10 11 | 11.5
Throwing       | 3 6 |  6.0
Armour         | 3 8 11 | 11.7

Action                   |  1- 3 |  4- 6 |  7- 9 | 10-12 | 13-15 | 16-18 || total
-------------------------+-------+-------+-------+-------+-------+-------++-------
Melee: Long sword        |    99 |   177 |   333 |       |       |       ||   609
       Kick              |       |       |    93 |   241 |   464 |       ||   798
       Scimitar          |       |       |    31 |   567 |   897 |       ||  1495
       Great sword       |       |       |       |    28 |       |       ||    28
       Double sword      |       |       |       |       |   238 |   134 ||   372
Throw: Throwing net      |     2 |     1 |     1 |       |       |       ||     4
       Stone             |       |       |    21 |       |       |       ||    21
Invok: Minor Destruction |       |       |       |    45 |    68 |     5 ||   118
       Lesser Servant of |       |       |       |     7 |    54 |     2 ||    63
       Major Destruction |       |       |       |     2 |     1 |       ||     3
Evoke: Wand              |       |       |     1 |     1 |     7 |       ||     9
  Use: Scroll            |       |     5 |     2 |    29 |    25 |       ||    61
       Potion            |       |     2 |       |     1 |    20 |       ||    23
 Stab: Sleeping          |     3 |     4 |    21 |    18 |    22 |     2 ||    70
       Held in net/web   |     2 |     1 |       |       |       |       ||     3
       Distracted        |       |       |       |     3 |    12 |       ||    15
       Invisible         |       |       |       |       |     1 |       ||     1
  Eat: Chunk             |     2 |     5 |    16 |    28 |    43 |     6 ||   100
       Fruit             |       |       |     1 |     1 |       |       ||     2
       Royal jelly       |       |       |       |     1 |       |       ||     1
Armor: Leather armour    |    32 |    82 |   110 |   169 |   254 |       ||   647
       Acid dragon scale |       |       |       |       |    56 |    48 ||   104
Dodge: Dodged            |    56 |   136 |   176 |   349 |   727 |   103 ||  1547
       Rpst.: Long sword |    17 |    46 |    50 |       |       |       ||   113
       Scimitar          |       |       |     4 |    89 |   142 |       ||   235
       Great sword       |       |       |       |     5 |       |       ||     5
       Double sword      |       |       |       |       |    47 |    24 ||    71
